Map: Year Zero LE

Players

Throwfordays - Winner!

  • Race: Protoss Protoss
  • League: Bronze
  • Spawn Location: 11:00

Ant

  • Race: Terran Terran
  • Spawn Location: 1:00

VOD

Have the link to the VOD?

Description

Time

  • Played on: Jan. 23, 2019, 10:55 p.m.
  • Length: 7:11
Show
View Real Time Build Order
Export as new Build Order

Throwfordays Protoss - Winner!

Build Orders:  

Get SALT Encoding   

  12  0:00  Probe  
  13  0:12  Probe  
  14  0:18  Pylon  
  14  0:25  Probe  
  15  0:37  Probe  
  16  0:45  Gateway  
  16  0:57  Probe  
  16  1:00  Assimilator  
  17  1:09  Probe  
  18  1:18  Pylon  
  18  1:21  Probe  
  19  1:32  Cybernetics Core  
  19  1:33  Probe  
  19  1:39  Zealot  
  22  1:41  Warp Gate  
  22  1:46  Probe  
  23  2:06  Nexus  
  22  2:18  Pylon  
  22  2:28  Assimilator  
  22  2:29  Adept  
  24  2:42  Probe  
  25  2:47  Gateway  
  25  2:54  Probe  
  26  3:04  Gateway  
  26  3:06  Probe  
  27  3:18  Probe  
  28  3:21  Probe  
  29  3:30  Probe  
  29  3:33  Probe  
  31  3:38  Adept  
  33  3:43  Probe  
  33  3:45  Probe  
  35  3:50  Pylon  
  35  3:55  Probe  
  36  3:57  Probe  
  37  4:07  Probe  
  37  4:09  Probe  
  39  4:13  Pylon  
  39  4:15  Gateway  
  39  4:19  Probe  
  39  4:22  Probe  
  41  4:25  Twilight Council  
  41  4:27  Stalker  
  41  4:31  Probe  
  44  4:32  Stalker  
  44  4:34  Probe  
  47  4:43  Probe  
  48  4:46  Probe  
  49  4:54  Forge  
  49  4:55  Probe  
  49  4:57  Resonating Glaives  
  50  5:02  Stalker  
  50  5:03  Gateway  
  50  5:05  Gateway  
  52  5:09  Pylon  
  52  5:13  Pylon  
  52  5:31  Adept x2  
  52  5:32  Adept x2  
  60  5:49  Pylon  
  60  5:56  Stalker x4  
  68  5:58  Pylon  
  68  6:17  Stalker x2  
  72  6:23  Pylon  
  72  6:27  Adept x4  
  74  6:42  Stalker x2  
  78  6:52  Stalker x2  
  78  6:53  Stalker x2  
Show
View Real Time Build Order
Export as new Build Order

Ant Terran 

Build Orders:  

Get SALT Encoding   

  12  0:05  SCV  
  13  0:17  SCV  
  13  0:20  Supply Depot  
  14  0:29  SCV  
  15  0:42  SCV  
  16  0:45  Barracks  
  16  0:52  Refinery  
  16  0:54  SCV  
  17  1:06  SCV  
  18  1:34  Supply Depot  
  18  1:35  Refinery  
  17  2:09  Command Center  
  17  2:20  Barracks Tech Lab  
  17  2:26  Orbital Command  
  17  2:48  Factory  
  17  2:56  SCV  
  18  2:59  Refinery  
  18  3:08  SCV  
  20  3:20  SCV  
  20  3:22  Refinery  
  21  3:33  SCV  
  21  3:43  Barracks  
  21  3:44  Barracks Reactor  
  21  3:46  Refinery  
  21  3:54  Cyclone  
  24  4:10  Barracks Tech Lab  
  24  4:23  SCV  
  25  4:35  SCV, Starport  
  25  4:38  Barracks Tech Lab  
  26  4:43  Marauder  
  28  4:47  SCV  
  29  4:59  SCV  
  30  5:04  Marauder  
  30  5:05  Marauder  
  34  5:10  Cyclone  
  34  5:13  SCV, Armory  
  38  5:25  Marauder  
  38  5:26  Marauder  
  42  5:32  SCV x2  
  44  5:44  SCV x2  
  46  6:21  SCV x2  
  46  6:23  Marauder  
  46  6:25  Marauder  
  38  6:33  SCV  
  29  6:44  Marine  
  29  6:45  SCV  
  29  6:46  Marine  
  29  6:57  SCV  
Tags
 
League
Bronze
Matchup
PvT
Replay Pack
Multiplayer
Spawn Locations
Close Positions
Add a new tag
Caveats
  • Supply blocks, unpowered buildings, or Contaminate may cause inaccurate times.
  • Supply counts are checked every 10 seconds.